 Dungeon Crawl Stone Soup version 0.30-a0-576-g89cddaab80 (webtiles) character file.

Game seed: 15621967087494561815

121 Farfigtubin the Covered (level 5, 0/46 HPs)
             Began as a Hill Orc Fighter on Dec 30, 2022.
             Was an Initiate of Beogh.
             Slain by an orc priest
             ... wielding a +0 flail
              (3 damage)
             ... on level 3 of the Dungeon.
             The game lasted 00:10:42 (1829 turns).

Farfigtubin the Covered (Hill Orc Fighter)          Turns: 1829, Time: 00:10:42

Health: 0/46       AC:  7    Str: 21    XL:     5   Next: 5%
Magic:  5/5        EV:  9    Int:  8    God:    Beogh [......]
Gold:   150        SH:  4    Dex: 10    Spells: 4/4 levels left

rFire   . . .      SeeInvis .    a - +0 war axe
rCold   . . .      Faith    .    c - +0 buckler
rNeg    . . .      Spirit   .    b - +0 scale mail
rPois   .          Reflect  .    (no helmet)
rElec   .          Harm     .    (no cloak)
rCorr   .          Rampage  .    (no gloves)
Will    .....                    (no boots) Stlth
                                 (no amulet)
HPRegen 0.27/turn                (no ring)
MPRegen 0.09/turn                (no ring)

@: no status effects
A: no striking features
a: Renounce Religion


You were on level 3 of the Dungeon.
You worshipped Beogh.
Beogh was noncommittal.
You visited 1 branch of the dungeon, and saw 3 of its levels.

You collected 150 gold pieces.

Inventory:

Hand Weapons
 a - a +0 war axe (weapon)
Armour
 b - a +0 scale mail (worn)
 c - a +0 buckler (worn)
Scrolls
 e - 2 scrolls of identify {unknown}
 f - a scroll of magic mapping {unknown}
 h - a scroll of vulnerability {unknown}
 i - 3 scrolls of amnesia {unknown}
 k - a scroll of fog {unknown}
Potions
 d - 2 potions of might
 g - 2 potions of curing {unknown}
 j - a potion of cancellation {unknown}
 l - a potion of degeneration {unknown}


   Skills:
 + Level 4.1 Fighting
 + Level 4.3 Axes
 + Level 4.5 Armour
 + Level 0.8 Dodging
 + Level 3.6 Shields


You had 4 spell levels left.
You didn't know any spells.
Your spell library contained the following spells:

 Spells                   Type           Power      Damage    Failure   Level
 Blink                    Tloc           0%         N/A       92%         2
 Ensorcelled Hibernation  Hex/Ice        0%         N/A       92%         2
 Momentum Strike          Conj/Tloc      0%         3d8       92%         2
 Passwall                 Tmut/Erth      0%         N/A       92%         2
 Ignite Poison            Fire/Tmut/Pois 0%         N/A       99%         3
 Kindle Blastsparks       Fire/Tloc/Air  0%         2d10      99%         3
 Lesser Beckoning         Tloc           0%         N/A       99%         3
 Swiftness                Air            0%         N/A       99%         3
 Freezing Cloud           Conj/Ice/Air   0%         6-21      100%        5


Dungeon Overview and Level Annotations

Branches:
Dungeon (3/15)

Altars:


Message History

The orc priest invokes the aid of Beogh against you.
You barely resist.
You hear a splashing noise.
The dart slug closely misses the orc.
The orc hits the dart slug with a +2 whip of draining.
The dart slug dies!
A nearby fungus withers and dies.
A nearby plant withers and dies.
A nearby fungus withers and dies. x2
The orc priest hits you with a +0 flail!
You barely miss the orc priest.
The orc priest hits you with a +0 flail!
You slash the orc priest!
The orc priest is severely wounded.
The orc priest hits you with a +0 flail.
You hit the orc priest.
The orc priest is almost dead.
The orc priest hits you but does no damage.
The orc priest hits you with a +0 flail.
* * * LOW HITPOINT WARNING * * *
You closely miss the orc priest.
The orc priest is almost dead.
The orc priest hits you with a +0 flail.
* * * LOW HITPOINT WARNING * * *
You barely miss the orc priest.
The orc priest is almost dead.
The orc priest barely misses you.
You hit the orc priest.
The orc priest is almost dead.
The orc priest mumbles some strange prayers to Beogh against you.
Beogh smites you!
* * * LOW HITPOINT WARNING * * *
The orc priest hits you but does no damage.
You hit the orc priest but do no damage.
The orc priest is almost dead.
The orc priest casts a cantrip, but nothing happens.
You barely miss the orc priest.
The orc priest is almost dead.
The orc priest hits you with a +0 flail.
You die...
Beogh appreciates the orc priest's killing of a heretic priest.

#.......#.#..+............
#.........#..#..........)#
#...............#....#.###
#.......#)......#.P..#.#
#.......#...######.~....
#.<....).^# .# #.~.#..#
#####.##..#..#.#.PP#..#
#.##o...~.P.#..# ...
#..@...⌠⌠...#.P. ##+
####..~⌠.⌠. #....P.P
....†... ...P..o ....###
....# ....#


You could see an orc priest and a neutral orc priest (wandering).

Vanquished Creatures
  A scorpion (D:2)
  An adder (D:2)
  4 worms
  A dart slug (D:2)
  An orc (D:3)
  2 ball pythons (D:2)
  3 bats
  An endoplasm (D:3)
  A giant cockroach (D:1)
  6 goblins
  3 hobgoblins
  6 kobolds
  3 quokkas
  A frilled lizard (D:2)
  4 rats
38 creatures vanquished.

Vanquished Creatures (others)
  A dart slug (D:3)
  4 fungi (D:3)
  A plant (D:3)
6 creatures vanquished.

Grand Total: 44 creatures vanquished

Notes
Turn   | Place    | Note
-------+----------+-------------------------------------------
     0 | D:1      | Farfigtubin the Hill Orc Fighter began the quest for the
                  | Orb.
     0 | D:1      | Reached XP level 1. HP: 19/19 MP: 1/1
   321 | D:1      | Reached XP level 2. HP: 26/27 MP: 2/2
   718 | D:2      | Reached XP level 3. HP: 30/33 MP: 3/3
   718 | D:2      | Noticed a scorpion
   751 | D:2      | Killed a scorpion
   752 | D:2      | Reached XP level 4. HP: 36/40 MP: 4/4
  1768 | D:3      | Reached XP level 5. HP: 46/46 MP: 5/5
  1814 | D:3      | Became a worshipper of Beogh the Brigand
  1827 | D:3      | HP: 2/46 [orc priest/divine providence (7)]
  1829 | D:3      | Slain by an orc priest

Illustrated notes

Levels and vault maps discovered:
D:1:      lemuel_arrival_behind_the_door_small, layout_loops_ring
D:2:      layout_basic, kennysheep_small_spiral, minmay_divided_ellipse
D:3:      layout_basic, grunt_temple_overflow_open,
          shapermc_ecumenical_altar_mp_ritualfount, chequers_serial_rivers_marsh

Skill      XL: |  1  2  3 |
---------------+----------+-----
Axes           | 3 4 |  4.3
Fighting       | 4 |  4.1
Armour         | 4 |  4.5
Dodging        | |  0.8
Shields        | |  3.6

Action                   |  1- 3 |  4- 6 || total
-------------------------+-------+-------++-------
Melee: War axe           |    56 |    75 ||   131
Invok: Convert to Beogh  |       |     1 ||     1
Armor: Scale mail        |    41 |    55 ||    96
Dodge: Dodged            |    48 |    63 ||   111
Block: Buckler           |    32 |    31 ||    63

Table legend: (Time is in decaauts)
 A = Elapsed time spent in this place.
 B = Non-inter-level travel time spent in this place.
 C = Inter-level travel time spent in this place.
 D = Time resting spent in this place.
 E = Time spent auto-exploring this place.
 F = Levels seen in this place.
 G = Mean time per level.
                   A        B        C        D        E       F      G
               +--------+--------+--------+--------+--------+-----+--------+
         Total |   1876 |   1791 |     85 |      0 |    835 |   3 |  625.3 |
       Dungeon |   1876 |   1791 |     85 |      0 |    835 |   3 |  625.3 |
               +--------+--------+--------+--------+--------+-----+--------+

Top non-repeatable levels by time:
     D:2: 1069 daAuts
     D:1: 660 daAuts
     D:3: 147 daAuts
